 Dungeon Crawl Stone Soup version 0.28.0-45-g0d030f2227 (webtiles) character file.

Game seed: 3012515584242684907

96605 selver the Fighter (level 15, -5/127 HPs)
             Began as a Demonspawn Gladiator on Apr 12, 2022.
             Was a Believer of Ashenzari.
             Shot with an arrow by a centaur warrior (17 damage)
             ... on level 15 of the Dungeon on Apr 13, 2022.
             The game lasted 02:49:20 (38219 turns).

selver the Fighter (Demonspawn Gladiator)          Turns: 38219, Time: 02:49:21

Health: -5/127     AC: 17    Str: 28    XL:     15   Next: 69%
Magic:  0/22       EV: 10    Int: 11    God:    Ashenzari [**....]
Gold:   1019       SH:  6    Dex: 21    Spells: 19/26 levels left

rFire   . . .      SeeInvis +   a - +6 lajatang (speed)
rCold   . . .      Faith    .   (shield currently unavailable)
rNeg    + + .      Spirit   +   S - +5 chain mail of Ashenzari's Secrets {Dex+3, Melee, Elem} (curse)
rPois   +          Reflect  .   (helmet restricted)
rElec   .          Harm     .   (no cloak)
rCorr   .          Rampage  .   (no gloves)
Will    +....      Rnd*Tele +   (no boots)
Stlth   ..........              t - amulet of the Eye in the Sky {Spirit, Melee, Range} (curse)
HPRegen 0.31/turn               J - ring of Toth-Mos's Legacy {rPois rN+ Str+3 Dex+2, Self, Comp} (curse)
MPRegen 0.18/turn               E - ring "Chained Ennui" {rN+ Str+6 Stlth+, Alch, Evo} (curse)

@: spiked, studying Ice Magic
A: horns 2, large bone plates 2, foul stench 3, low MP 1, teleportitis 1
a: Renounce Religion, Shatter the Chains


You were on level 15 of the Dungeon.
You worshipped Ashenzari.
Ashenzari was pleased with you.
You visited 4 branches of the dungeon, and saw 24 of its levels.
You also visited: Gauntlet and Ice Cave.

You collected 1906 gold pieces.
You spent 887 gold pieces at shops.

Inventory:

Hand Weapons
 a - a +6 lajatang of speed (weapon)
 b - a +1 trident of venom
Missiles
 d - 6 throwing nets
 G - 12 poisoned darts (quivered)
Armour
 c - a +0 helmet
 h - a +0 ring mail of cold resistance
 m - a +0 chain mail
 u - a +0 leather armour of poison resistance
 y - the +5 scale mail of the Fiend {Regen+ rCorr Dex+5}
   (You found it on level 4 of the Lair of Beasts)

   Dex:       It affects your dexterity (+5).
   Regen:     It increases your rate of health regeneration.
   rCorr:     It protects you from acid and corrosion.
 C - the +0 pair of boots "Yssosi" {Harm Will- rCorr Int+5}
   (You found it on level 8 of the Dungeon)

   Int:       It affects your intelligence (+5).
   rCorr:     It protects you from acid and corrosion.
   Harm:      It increases damage dealt and taken.
   Will:      It decreases your willpower.
 H - a +0 scale mail of cold resistance
 P - the +2 ring mail of the Realm of Zot {rF- Regen+ Slay+3}
   (You bought it in a shop on level 2 of the Orcish Mines)

   Slay:      It affects your accuracy & damage with ranged weapons and melee
   (+3).
   rF:        It makes you vulnerable to fire.
   Regen:     It increases your rate of health regeneration.
 S - the cursed +5 chain mail of Ashenzari's Secrets (worn) {Dex+3, Melee, Elem}
   (You found it on level 4 of the Lair of Beasts)

   Dex:       It affects your dexterity (+3).
   It has a curse which improves the following skills: Melee Combat: Short
   Blades, Long Blades, Axes, Maces & Flails, Polearms, Staves and Unarmed
   Combat.
   Elements:  Fire Magic, Ice Magic, Air Magic and Earth Magic.
 V - +0 ice dragon scales
 X - the +0 chain mail "Hobbic" {Will+ Int+2}
   (You bought it in a shop on level 2 of the Orcish Mines)

   Int:       It affects your intelligence (+2).
   Will:      It increases your willpower.
 Y - a +1 pair of boots
Jewellery
 o - a +4 ring of protection
 t - the cursed amulet of the Eye in the Sky (around neck) {Spirit, Melee, Range}
   (You found it on level 5 of the Dungeon)

   [amulet of guardian spirit]

   It causes incoming damage to be divided between your reserves of health and
   magic.
   It has a curse which improves the following skills: Melee Combat: Short
   Blades, Long Blades, Axes, Maces & Flails, Polearms, Staves and Unarmed
   Combat.
   Ranged Combat: Slings, Bows, Crossbows and Throwing.
 v - a ring of magical power
 A - a ring of resist corrosion
 D - a +4 ring of protection
 E - the cursed ring "Chained Ennui" (right hand) {rN+ Str+6 Stlth+, Alch, Evo}
   (You found it in a Gauntlet)

   [ring of strength]

   Str:       It affects your strength (+6).
   rN:        It protects you from negative energy.
   Stlth:     It makes you more stealthy.
   It has a curse which improves the following skills: Alchemy: Poison Magic and
   Transmutations.
   Evocations: Evocations.
 J - the cursed ring of Toth-Mos's Legacy (left hand) {rPois rN+ Str+3 Dex+2, Self, Comp}
   (You found it in a Gauntlet)

   [ring of positive energy]

   Str:       It affects your strength (+3).
   Dex:       It affects your dexterity (+2).
   rPois:     It protects you from poison.
   rN:        It protects you from negative energy.
   It has a curse which improves the following skills: Introspection: Fighting
   and Spellcasting.
   Companions: Summonings and Necromancy.
 N - the ring of Daistren {rPois MP+9 Str+2 Stlth+}
   (You found it in a Gauntlet)

   [ring of magical power]

   Str:       It affects your strength (+2).
   rPois:     It protects you from poison.
   MP:        It affects your magic capacity (+9).
   Stlth:     It makes you more stealthy.
 Q - a ring of wizardry
Wands
 l - a wand of mindburst (23)
 p - a wand of paralysis (15)
 q - a wand of iceblast (17)
 s - a wand of acid (20)
 F - a wand of polymorph (8)
 K - a wand of flame (9)
 L - a wand of digging (5)
 O - a wand of charming (16)
Scrolls
 e - a scroll of brand weapon
 f - a scroll of teleportation
 g - 3 scrolls of vulnerability
 j - 3 scrolls of enchant armour
 k - 5 scrolls of immolation
 n - 4 scrolls of magic mapping
 r - a scroll of silence
 z - 12 scrolls of identify
 B - a scroll of holy word
 I - a scroll of fear
 U - a scroll of amnesia
Potions
 i - 3 potions of ambrosia
 w - 2 potions of cancellation
 x - 7 potions of brilliance
 T - 2 potions of magic
 W - a potion of flight


   Skills:
 + Level 13.4(14.6) Fighting
 - Level 12.8(15.8) Polearms
 - Level 10.0(14.2) Staves
 - Level 1.7(2.6) Throwing
 * Level 11.8 Armour
 - Level 2.6 Dodging
 + Level 5.2(6.4) Spellcasting
 - Level 12.9(14.1) Summonings


You had 19 spell levels left.
You knew the following spells:

 Your Spells              Type           Power      Damage    Failure   Level
a - Summon Small Mammal   Summ           100%       N/A       1%          1
b - Call Canine Familiar  Summ           34%        N/A       1%          3
c - Summon Guardian Gole  Hex/Summ       19%        N/A       12%         3

Your spell library contained the following spells:

 Spells                   Type           Power      Damage    Failure   Level
 Animate Skeleton         Necr           6%         N/A       56%         1
 Foxfire                  Conj/Fire      12%        2x1d4     56%         1
 Apportation              Tloc           6%         N/A       58%         1
 Corpse Rot               Necr/Air       6%         N/A       71%         2
 Ensorcelled Hibernation  Hex/Ice        6%         N/A       71%         2
 Passwall                 Tmut/Erth      2%         N/A       71%         2
 Swiftness                Air            3%         N/A       90%         3
 Confusing Touch          Hex            3%         N/A       91%         3
 Conjure Flame            Conj/Fire      3%         6-21      91%         3
 Dazzling Flash           Conj/Hex       6%         N/A       91%         3
 Inner Flame              Hex/Fire       3%         N/A       91%         3
 Portal Projectile        Hex/Tloc       6%         N/A       91%         3
 Tukima's Dance           Hex            3%         N/A       91%         3
 Anguish                  Hex/Necr       1%         N/A       100%        4
 Cause Fear               Hex            1%         N/A       100%        4
 Dispel Undead            Necr           3%         3d7       100%        4
 Flame Wave               Conj/Fire      3%         2d4       100%        4
 Leda's Liquefaction      Hex/Erth       1%         N/A       100%        4
 Passage of Golubria      Tloc           3%         N/A       100%        4
 Agony                    Necr           3%         N/A       100%        5
 Lee's Rapid Deconstruct  Erth           1%         3d5*      100%        5
 Silence                  Hex/Air        1%         N/A       100%        5
 Yara's Violent Unravell  Hex/Tmut       1%         3d3       100%        5
 Death Channel            Necr           1%         N/A       100%        6
 Statue Form              Tmut/Erth      2%         N/A       100%        6
 Enfeeble                 Hex            1%         N/A       100%        7
 Malign Gateway           Summ/Tloc      9%         N/A       100%        7
 Discord                  Hex            1%         N/A       100%        8
 Summon Horrible Things   Summ           17%        N/A       100%        8


Dungeon Overview and Level Annotations

Branches:
Dungeon (15/15)            Temple (1/1) D:7            Lair (6/6) D:11
 Shoals (0/4) Lair:4        Snake (0/4) Lair:4        Slime (0/5) Lair:5
    Orc (2/2) D:12            Elf (0/3) Orc:2        Vaults (0/5) D:14
  IceCv (visited)         Gauntlet (visited)
 Depths: D:15

Altars:
Ashenzari
Cheibriados
Dithmenos
Elyvilon
Fedhas
Gozag
Hepliaklqana
Kikubaaqudgha
Makhleb
Nemelex Xobeh
Okawaru
Qazlal
Ru
Sif Muna
Trog
Uskayaw
Vehumet
Xom
Yredelemnul
Zin
The Shining One
Beogh
Jiyva

Shops:
D:3 =   D:7 :   D:8 =   D:9 (   D:13 (   D:15 *   Orc:2 [(*[*

Annotations:
D:8 3 runed translucent doors, boopmooplesden's ghost, novice MiBe
D:9 3 runed translucent doors, Cheops's ghost, novice FoFi
D:10 2 transporters, nickcage's ghost, journeyman TeFE
Lair:5 1 runed translucent door


Innate Abilities, Weirdness & Mutations

You have a pair of horns on your head.
You are mostly covered in large bone plates. (SH +6)
You frequently emit foul miasma when damaged in melee.
Your magical capacity is low. (-10% MP)
You are occasionally teleported next to monsters.


Message History

You emit a cloud of foul miasma!
The manticore claws you but does no damage.
The barbed spikes dig painfully into your body as you move.
* * * LOW HITPOINT WARNING * * *
The ogre mage gestures wildly while chanting.
The ogre mage flickers and vanishes for a moment.
The manticore is engulfed in dark miasma.
The manticore is poisoned.
The manticore barely misses you.
The manticore claws you but does no damage. x2
The centaur warrior shoots an arrow.
The arrow barely misses the ogre mage.
The arrow hits you!
* * * LOW HITPOINT WARNING * * *
The centaur hits you.
* * * LOW HITPOINT WARNING * * *
The centaur kicks you but does no damage.
There is a stone staircase leading up, spattered with blood here.
You feel better.
The manticore is engulfed in dark miasma.
The manticore looks even sicker.
The manticore seems to slow down.
You block the manticore's attack.
The manticore claws you but does no damage. x2
The centaur misses you. x2; The centaur warrior shoots an arrow.
The arrow hits the ogre mage!!
The ogre mage dies!
You feel better. The centaur barely misses you.
The centaur kicks you but does no damage.
The centaur warrior shoots an arrow.
The arrow hits you!!
* * * LOW HITPOINT WARNING * * *
The manticore is engulfed in dark miasma.
The manticore looks even sicker.
You block the manticore's attack. x2
The manticore claws you.
* * * LOW HITPOINT WARNING * * *
The centaur closely misses you.
The centaur kicks you but does no damage.
The centaur warrior shoots an arrow.
The arrow hits you!
* * * LOW HITPOINT WARNING * * *
The centaur hits you but does no damage.
You block the centaur's attack.
The centaur warrior shoots an arrow.
The arrow hits you!!
You die...

#####.#.......
######.....#.......
##..................
##...................
#....................
#........^...........
#.∩.....[............
##..Hc..c............
##.@)##.............
###.####..........(
#..# #######.....
##.# , #.... *.#* ,{
#... .#,,* ** ,,#..=
.# , * #... *.+ , ,
#... , , ###.


You could see a centaur warrior, a manticore (very poisoned, slow) and a
centaur.

Vanquished Creatures
  Rupert (D:14)
  Gastronok (Lair:2)
  A frost giant (IceCv)
  10 hydras
  An ogre mage (D:12)
  4 boulder beetles
  4 vault guards (D:14)
  2 centaur warriors (D:14)
  8 catoblepae
  7 two-headed ogres
  15 death yaks
  4 orc high priests (Orc:2)
  Urug (D:11)
  A lindwurm (Lair:6)
  A deep elf pyromancer (D:12)
  2 orc knights
  2 orc sorcerers
  3 ugly things
  3 manticores
  3 slime creatures (D:14)
  4 cyclopes
  3 merfolk sirens (Lair:4)
  Maurice (D:11)
  An ice statue (IceCv)
  4 black mambas
  2 gargoyles
  A torpor snail (Lair:5)
  11 cane toads
  A torpor snail (shapeshifter) (D:14)
  9 rime drakes
  13 komodo dragons
  A tengu conjurer (D:14)
  5 trolls
  2 burning bushes (Lair:3)
  A hornet (D:8)
  A merfolk (Lair:4)
  3 meliai (D:14)
  8 polar bears
  10 blink frogs
  Prince Ribbit (D:6)
  4 dream sheep (Lair:5)
  2 shadows (D:11)
  3 wyverns
  4 wraiths
  4 basilisks
  61 yaks
  5 vampire mosquitoes
  3 steam dragons
  A chaos spawn (Gauntlet)
  6 wargs
  3 nagas (Lair:4)
  21 water moccasins
  A nameless horror (D:7)
  3 acid dragons
  Duvessa (D:6)
  A hornet zombie (D:8)
  30 orc warriors
  3 sky beasts
  An ice beast (D:6)
  6 black bears
  4 necrophages
  9 ogres
  18 wolves
  8 centaurs
  A phantom (D:6)
  A kobold brigand (D:8)
  A gnoll sergeant (D:13)
  22 bullfrogs
  2 scorpions
  A wyvern zombie (D:4)
  Dowan (D:6)
  9 killer bees
  3 wights (D:9)
  An electric eel (D:14)
  3 howler monkeys
  3 jellies
  5 centaur zombies
  2 bullfrog zombies
  3 hounds
  4 gnoll shamans
  28 orc priests
  4 centaur skeletons
  3 iguanas
  23 orc wizards
  A scorpion zombie (D:5)
  A wolf simulacrum (Lair:2)
  A hound zombie (D:5)
  A mummy (D:8)
  2 howler monkey zombies (D:10)
  14 gnolls
  4 adders
  A shadow imp (D:7)
  2 white imps
  An ufetubus (D:7)
  2 worms
  2 dart slugs
  71 orcs
  4 ball pythons
  2 bats
  3 endoplasms
  5 goblins
  3 hobgoblins
  A quokka (D:3)
  A hobgoblin zombie (D:8)
  7 kobolds
  A kobold zombie (D:8)
  2 orc zombies (D:8)
  2 rats (D:2)
612 creatures vanquished.

Vanquished Creatures (collateral kills)
  A two-headed ogre (D:9)
  2 orcs (D:10)
3 creatures vanquished.

Vanquished Creatures (others)
  A hydra (Lair:4)
  An ogre mage (D:15)
  2 two-headed ogres
  A death yak (IceCv)
  2 cane toads (Lair:1)
  Psyche (D:10)
  13 yaks
  3 orc warriors
  65 fungi
  70 plants
159 creatures vanquished.

Grand Total: 774 creatures vanquished

Notes
Turn   | Place    | Note
-------+----------+-------------------------------------------
     0 | D:1      | selver the Demonspawn Gladiator began the quest for the
                  | Orb.
     0 | D:1      | Reached XP level 1. HP: 16/16 MP: 1/1
   208 | D:1      | You fall into a shaft and drop 1 floor!
   214 | D:2      | Gained mutation: You may rarely emit foul miasma when
                  | damaged in melee. [demonic ancestry]
   214 | D:2      | Reached XP level 2. HP: 22/22 MP: 2/2
   482 | D:2      | Found a snail-covered altar of Cheibriados.
   839 | D:2      | Learned a level 1 spell: Summon Small Mammal
  1222 | D:3      | Found Fethro's Jewellery Shoppe.
  1269 | D:3      | Gained mutation: You are partially covered in large bone
                  | plates. (SH +4) [demonic ancestry]
  1269 | D:3      | Reached XP level 3. HP: 27/27 MP: 3/3
  1444 | D:3      | Reached skill level 1 in Summonings
  1759 | D:4      | Reached XP level 4. HP: 22/33 MP: 4/4
  1972 | D:4      | Reached XP level 5. HP: 27/38 MP: 5/5
  2388 | D:4      | Reached skill level 5 in Polearms
  2740 | D:4      | Noticed a necrophage
  2757 | D:4      | Killed a necrophage
  2758 | D:4      | Reached XP level 6. HP: 33/44 MP: 6/6
  3244 | D:5      | Entered Level 5 of the Dungeon
  3567 | D:5      | Noticed a sky beast
  3575 | D:5      | Killed a sky beast
  3576 | D:5      | Gained mutation: You have a pair of small horns on your
                  | head. [demonic ancestry]
  3576 | D:5      | Reached XP level 7. HP: 37/50 MP: 4/7
  5570 | D:6      | Found a radiant altar of Vehumet.
  5600 | D:6      | Noticed Duvessa
  5624 | D:5      | Gained mutation: You sometimes emit foul miasma when
                  | damaged in melee. [demonic ancestry]
  5624 | D:5      | Reached XP level 8. HP: 39/56 MP: 8/8
  5719 | D:6      | Noticed Dowan
  5796 | D:5      | Reached skill level 5 in Summonings
  6397 | D:6      | Reached skill level 3 in Fighting
  6543 | D:6      | Learned a level 3 spell: Call Canine Familiar
  7008 | D:6      | Killed Duvessa
  7014 | D:6      | Killed Dowan
  7283 | D:7      | Noticed Prince Ribbit
  7329 | D:6      | Killed Prince Ribbit
  7655 | D:6      | Reached skill level 4 in Fighting
  7655 | D:6      | Reached XP level 9. HP: 65/65 MP: 9/9
  8597 | D:7      | Reached skill level 5 in Fighting
  8618 | D:7      | Reached skill level 10 in Polearms
  8876 | D:7      | Found a staircase to the Ecumenical Temple.
  8956 | Temple   | Entered the Ecumenical Temple
  9430 | Temple   | Became a worshipper of Ashenzari the Shackled
  9476 | D:7      | Noticed a troll
  9745 | D:7      | Found Yvver's Book Shop.
  9753 | D:7      | Bought a book of Callings for 240 gold pieces
  9757 | D:7      | Learned a level 3 spell: Summon Guardian Golem
  9867 | D:7      | Killed a troll
 10086 | D:8      | Identified the +0 pair of boots "Yssosi" {Harm Will- rCorr
                  | Int+5}
 10142 | D:8      | Reached skill level 1 in Spellcasting
 10442 | D:8      | Found a runed translucent gate.
 10442 | D:8      | Found a runed translucent gate.
 10442 | D:8      | Found a runed translucent gate.
 10474 | D:8      | Found Tevyilan's Jewellery Shop.
 10599 | D:8      | Gained mutation: You frequently emit foul miasma when
                  | damaged in melee. [demonic ancestry]
 10599 | D:8      | Reached XP level 10. HP: 74/74 MP: 12/12
 11427 | D:8      | Found a basalt altar of Yredelemnul.
 11490 | D:8      | Noticed boopmooplesden's ghost (novice MiBe)
 11507 | D:9      | Found Yroptohe's Weapon Shop.
 11759 | D:9      | Noticed a two-headed ogre
 11786 | D:9      | Killed a two-headed ogre
 11936 | D:9      | Noticed a red ugly thing
 11954 | D:9      | Killed a red ugly thing
 12353 | D:9      | Found a runed translucent gate.
 12353 | D:9      | Found a runed translucent gate.
 12353 | D:9      | Found a runed translucent gate.
 12516 | D:9      | Gained mutation: You have a pair of horns on your head.
                  | [demonic ancestry]
 12516 | D:9      | Reached XP level 11. HP: 69/81 MP: 17/17
 12658 | D:9      | Noticed Cheops's ghost (novice FoFi)
 13131 | D:10     | Entered Level 10 of the Dungeon
 13357 | D:10     | Reached * piety under Ashenzari
 13370 | D:10     | Found a transporter.
 13373 | D:10     | Noticed nickcage's ghost (journeyman TeFE)
 13373 | D:10     | Identified the +1 pair of gloves of Dithmenos's Regard
                  | {Regen+ Str-5 Int+4}
 13376 | D:10     | Noticed an ice dragon
 13392 | D:10     | Found a transporter.
 13586 | D:10     | Noticed a two-headed ogre
 13630 | D:10     | Killed a two-headed ogre
 14083 | D:10     | Reached skill level 10 in Summonings
 14642 | D:10     | Noticed a two-headed ogre
 14661 | D:10     | Killed a two-headed ogre
 14853 | D:10     | Reached ** piety under Ashenzari
 14892 | D:10     | Noticed Psyche
 14901 | D:10     | Killed Psyche
 15414 | D:11     | Found a gate leading to a gauntlet.
 15420 | Gauntlet | Entered a Gauntlet
 15420 | Gauntlet | Identified the ring of Pibec {rN+ Str+6 Stlth+}
 15420 | Gauntlet | Found a large runed translucent door.
 15420 | Gauntlet | Found a large runed translucent door.
 15420 | Gauntlet | Found a large runed translucent door.
 15420 | Gauntlet | Found a large runed translucent door.
 15420 | Gauntlet | Found a large runed translucent door.
 15420 | Gauntlet | Found a large runed translucent door.
 15420 | Gauntlet | Found a large runed translucent door.
 15420 | Gauntlet | Found a large runed translucent door.
 15420 | Gauntlet | Found a runed translucent door.
 15420 | Gauntlet | Found a runed translucent gate.
 15420 | Gauntlet | Found a transporter.
 15420 | Gauntlet | Found a transporter.
 15420 | Gauntlet | Found a runed translucent gate.
 15420 | Gauntlet | Found a transporter.
 15421 | Gauntlet | Identified the ring "Romum" {rElec Int+6 SInv}
 15422 | Gauntlet | Found a transporter.
 15424 | Gauntlet | Found a transporter.
 15456 | Gauntlet | Noticed a green death
 15462 | Gauntlet | Found a transporter.
 15463 | Gauntlet | Identified the +1 hat "Hayphir" {+Blink Will- Regen+ Dex-3}
 15466 | Gauntlet | Found a transporter.
 15468 | Gauntlet | Noticed a cacodemon
 15477 | Gauntlet | Found a transporter.
 15497 | Gauntlet | Identified the Compendium of Destructive Lightness
 15498 | Gauntlet | Found a transporter.
 15500 | Gauntlet | Noticed a death drake
 15501 | Gauntlet | Found a transporter.
 15527 | Gauntlet | Found a transporter.
 15527 | Gauntlet | Identified the ring "Katyuwk" {rPois rN+ Str+3 Dex+2}
 15529 | Gauntlet | Noticed an eight-headed hydra
 15533 | Gauntlet | Noticed a harpy
 15533 | Gauntlet | a queen bee changed into a harpy
 15540 | Gauntlet | Found a transporter.
 15544 | Gauntlet | Found a runed translucent gate.
 15545 | Gauntlet | Found a large runed translucent door.
 15545 | Gauntlet | Found a large runed translucent door.
 15548 | Gauntlet | Found a large runed translucent door.
 15549 | Gauntlet | Found a large runed translucent door.
 15551 | Gauntlet | Found a large runed translucent door.
 15551 | Gauntlet | Found a large runed translucent door.
 15551 | Gauntlet | Found a runed translucent door.
 15552 | Gauntlet | Found a large runed translucent door.
 15553 | Gauntlet | Found a large runed translucent door.
 15596 | Gauntlet | Gained mutation: Your magical capacity is low. (-10% MP) [a
                  | neqoxec]
 15597 | Gauntlet | Gained mutation: You are occasionally teleported next to
                  | monsters. [a neqoxec]
 15787 | Gauntlet | Noticed an eight-headed hydra
 15801 | Gauntlet | Killed an eight-headed hydra
 15826 | Gauntlet | Noticed a deep troll
 15826 | Gauntlet | a redback changed into a deep troll
 15829 | Gauntlet | Noticed a wolf spider
 15829 | Gauntlet | a deep troll changed into a wolf spider
 15836 | Gauntlet | a wolf spider changed into a swamp worm
 15837 | Gauntlet | Noticed a wolf spider
 15837 | Gauntlet | a swamp worm changed into a wolf spider
 15841 | Gauntlet | Noticed a spark wasp
 15841 | Gauntlet | a wolf spider changed into a spark wasp
 15843 | Gauntlet | Noticed an ice dragon
 15843 | Gauntlet | a spark wasp changed into an ice dragon
 15846 | Gauntlet | Noticed a jorogumo
 15846 | Gauntlet | an ice dragon changed into a jorogumo
 15852 | Gauntlet | Noticed a four-headed hydra
 15852 | Gauntlet | a jorogumo changed into a four-headed hydra
 15853 | Gauntlet | Noticed a broodmother
 15853 | Gauntlet | a four-headed hydra changed into a broodmother
 15858 | Gauntlet | Noticed an entropy weaver
 15858 | Gauntlet | a broodmother changed into an entropy weaver
 15861 | Gauntlet | Noticed a spark wasp
 15861 | Gauntlet | an entropy weaver changed into a spark wasp
 15862 | Gauntlet | Noticed an ice dragon
 15862 | Gauntlet | a spark wasp changed into an ice dragon
 15864 | Gauntlet | Noticed a quicksilver ooze
 15864 | Gauntlet | an ice dragon changed into a quicksilver ooze
 15875 | Gauntlet | Noticed a storm dragon
 15875 | Gauntlet | a quicksilver ooze changed into a storm dragon
 15876 | Gauntlet | Noticed an emperor scorpion
 15876 | Gauntlet | a storm dragon changed into an emperor scorpion
 15879 | Gauntlet | Noticed a dire elephant
 15879 | Gauntlet | an emperor scorpion changed into a dire elephant
 15882 | Gauntlet | Noticed a frost giant
 15882 | Gauntlet | a dire elephant changed into a frost giant
 15886 | Gauntlet | Noticed a shadow dragon
 15886 | Gauntlet | a frost giant changed into a shadow dragon
 15890 | Gauntlet | Noticed an iron dragon
 15890 | Gauntlet | a shadow dragon changed into an iron dragon
 15892 | Gauntlet | Noticed a shadow dragon
 15892 | Gauntlet | an iron dragon changed into a shadow dragon
 15893 | Gauntlet | Noticed a golden dragon
 15893 | Gauntlet | a shadow dragon changed into a golden dragon
 15896 | Gauntlet | Noticed a storm dragon
 15896 | Gauntlet | an eight-headed hydra changed into a storm dragon
 15902 | Gauntlet | Noticed a deep troll
 15902 | Gauntlet | a snapping turtle changed into a deep troll
 15903 | Gauntlet | Noticed a shadow dragon
 15903 | Gauntlet | a golden dragon changed into a shadow dragon
 15909 | Gauntlet | Noticed a fire giant
 15909 | Gauntlet | a shadow dragon changed into a fire giant
 15920 | Gauntlet | Noticed an eleionoma
 15920 | Gauntlet | a fire giant changed into an eleionoma
 15922 | Gauntlet | Noticed a stone giant
 15922 | Gauntlet | an eleionoma changed into a stone giant
 15923 | Gauntlet | Noticed an iron troll
 15923 | Gauntlet | a stone giant changed into an iron troll
 15924 | Gauntlet | Noticed an alligator snapping turtle
 15924 | Gauntlet | an iron troll changed into an alligator snapping turtle
 15926 | Gauntlet | Noticed a sphinx
 15926 | Gauntlet | an alligator snapping turtle changed into a sphinx
 15928 | Gauntlet | Noticed a shadow dragon
 15928 | Gauntlet | a sphinx changed into a shadow dragon
 15932 | Gauntlet | Noticed a caustic shrike
 15932 | Gauntlet | a shadow dragon changed into a caustic shrike
 15934 | Gauntlet | Noticed a shadow dragon
 15934 | Gauntlet | a caustic shrike changed into a shadow dragon
 15936 | Gauntlet | Noticed a caustic shrike
 15936 | Gauntlet | a shadow dragon changed into a caustic shrike
 15943 | Gauntlet | Noticed an iron dragon
 15943 | Gauntlet | a caustic shrike changed into an iron dragon
 15945 | Gauntlet | Noticed an acid blob
 15945 | Gauntlet | an iron dragon changed into an acid blob
 15946 | Gauntlet | Noticed a shadow dragon
 15946 | Gauntlet | an acid blob changed into a shadow dragon
 15950 | Gauntlet | Noticed an emperor scorpion
 15950 | Gauntlet | a storm dragon changed into an emperor scorpion
 15951 | Gauntlet | Noticed a fenstrider witch
 15951 | Gauntlet | a shadow dragon changed into a fenstrider witch
 15952 | Gauntlet | Noticed an eleionoma
 15952 | Gauntlet | a fenstrider witch changed into an eleionoma
 15953 | Gauntlet | Noticed a sphinx
 15953 | Gauntlet | an eleionoma changed into a sphinx
 15955 | Gauntlet | Noticed a stone giant
 15955 | Gauntlet | a sphinx changed into a stone giant
 15967 | Gauntlet | Noticed a radroach
 15967 | Gauntlet | a deep troll changed into a radroach
 15973 | Gauntlet | Noticed an azure jelly
 15973 | Gauntlet | a stone giant changed into an azure jelly
 15979 | Gauntlet | a radroach changed into a tyrant leech
 15987 | Gauntlet | Noticed a sphinx
 15987 | Gauntlet | an azure jelly changed into a sphinx
 15989 | Gauntlet | Noticed a fenstrider witch
 15989 | Gauntlet | a sphinx changed into a fenstrider witch
 15992 | Gauntlet | Noticed a dire elephant
 15992 | Gauntlet | a fenstrider witch changed into a dire elephant
 15993 | Gauntlet | Noticed a frost giant
 15993 | Gauntlet | a dire elephant changed into a frost giant
 15995 | Gauntlet | Noticed a shadow dragon
 15995 | Gauntlet | a frost giant changed into a shadow dragon
 15997 | Gauntlet | Noticed an iron troll
 15997 | Gauntlet | a shadow dragon changed into an iron troll
 16005 | Gauntlet | Noticed an eleionoma
 16005 | Gauntlet | an iron troll changed into an eleionoma
 16006 | Gauntlet | Noticed a fire giant
 16006 | Gauntlet | an eleionoma changed into a fire giant
 16007 | Gauntlet | Noticed an emperor scorpion
 16007 | Gauntlet | a fire giant changed into an emperor scorpion
 16009 | Gauntlet | Noticed a dire elephant
 16009 | Gauntlet | an emperor scorpion changed into a dire elephant
 16011 | Gauntlet | Noticed a jorogumo
 16011 | Gauntlet | a tyrant leech changed into a jorogumo
 16012 | Gauntlet | Noticed a frost giant
 16012 | Gauntlet | a dire elephant changed into a frost giant
 16013 | Gauntlet | Noticed an iron troll
 16013 | Gauntlet | a frost giant changed into an iron troll
 16019 | Gauntlet | Noticed a storm dragon
 16019 | Gauntlet | an emperor scorpion changed into a storm dragon
 16021 | Gauntlet | Noticed an alligator snapping turtle
 16021 | Gauntlet | an iron troll changed into an alligator snapping turtle
 16024 | Gauntlet | Noticed a sphinx
 16024 | Gauntlet | an alligator snapping turtle changed into a sphinx
 16025 | Gauntlet | Noticed a fenstrider witch
 16025 | Gauntlet | a sphinx changed into a fenstrider witch
 16026 | Gauntlet | Noticed an azure jelly
 16026 | Gauntlet | a fenstrider witch changed into an azure jelly
 16039 | Gauntlet | Noticed an alligator snapping turtle
 16039 | Gauntlet | an azure jelly changed into an alligator snapping turtle
 16054 | Gauntlet | Noticed a sphinx
 16054 | Gauntlet | an alligator snapping turtle changed into a sphinx
 16059 | Gauntlet | Noticed a catoblepas
 16059 | Gauntlet | a storm dragon changed into a catoblepas
 16062 | Gauntlet | Noticed a bunyip
 16062 | Gauntlet | a jorogumo changed into a bunyip
 16066 | Gauntlet | Noticed a shadow dragon
 16066 | Gauntlet | a sphinx changed into a shadow dragon
 16069 | Gauntlet | Noticed a sphinx
 16069 | Gauntlet | a shadow dragon changed into a sphinx
 16069 | Gauntlet | Noticed a shock serpent
 16069 | Gauntlet | a bunyip changed into a shock serpent
 16070 | Gauntlet | Noticed a deep troll
 16070 | Gauntlet | a shock serpent changed into a deep troll
 16072 | Gauntlet | Noticed a fenstrider witch
 16072 | Gauntlet | a sphinx changed into a fenstrider witch
 16074 | Gauntlet | Noticed a steelbarb worm
 16074 | Gauntlet | a deep troll changed into a steelbarb worm
 16076 | Gauntlet | Noticed a wolf spider
 16076 | Gauntlet | a steelbarb worm changed into a wolf spider
 16079 | Gauntlet | Noticed a dire elephant
 16079 | Gauntlet | a fenstrider witch changed into a dire elephant
 16081 | Gauntlet | Noticed a fire giant
 16081 | Gauntlet | a dire elephant changed into a fire giant
 16085 | Gauntlet | Noticed a fenstrider witch
 16085 | Gauntlet | a fire giant changed into a fenstrider witch
 16101 | Gauntlet | Noticed a minotaur
 16111 | Gauntlet | Identified the +1 robe "Recamnid" {rCorr Stlth+}
 16111 | Gauntlet | Identified the ring of Daistren {rPois MP+9 Str+2 Stlth+}
 16329 | D:11     | Reached skill level 1 in Staves
 16384 | D:11     | Found a staircase to the Lair.
 16398 | D:11     | Reached skill level 1 in Armour
 16472 | D:11     | Reached skill level 6 in Fighting
 16751 | D:11     | Noticed Urug
 16752 | D:11     | Noticed Maurice
 16766 | D:11     | Killed Urug
 16770 | D:11     | Killed Maurice
 17003 | D:11     | Noticed a cyan ugly thing
 17010 | D:11     | Killed a cyan ugly thing
 17011 | D:11     | Reached XP level 12. HP: 74/92 MP: 14/18
 17298 | Lair:1   | Entered Level 1 of the Lair of Beasts
 17351 | Lair:1   | Found a radiant altar of Vehumet.
 17578 | Lair:1   | Reached skill level 7 in Fighting
 17655 | Lair:1   | Noticed a four-headed hydra
 17976 | Lair:1   | Noticed a catoblepas
 18324 | Lair:1   | Killed a four-headed hydra
 18526 | Lair:1   | Killed a catoblepas
 19023 | Lair:2   | Found a frozen archway.
 19035 | IceCv    | Entered an ice cave
 19084 | IceCv    | Reached skill level 8 in Fighting
 19084 | IceCv    | Reached skill level 5 in Staves
 19207 | IceCv    | Noticed a death yak
 19218 | IceCv    | Killed a death yak
 19628 | IceCv    | Noticed a death yak
 19628 | IceCv    | Noticed a death yak
 19628 | IceCv    | Noticed a death yak
 19651 | IceCv    | Killed a death yak
 19654 | IceCv    | Killed a death yak
 19657 | IceCv    | Killed a death yak
 19660 | IceCv    | Reached skill level 9 in Fighting
 19832 | IceCv    | Noticed a death yak
 19832 | IceCv    | Noticed a frost giant
 19967 | IceCv    | Noticed a death yak
 19967 | IceCv    | Noticed a death yak
 19979 | IceCv    | Killed a death yak
 19985 | IceCv    | Killed a death yak
 20679 | IceCv    | Reached XP level 13. HP: 99/101 MP: 17/17
 20937 | IceCv    | Killed a frost giant
 21354 | Lair:2   | Noticed Gastronok
 21370 | Lair:2   | Killed Gastronok
 21371 | Lair:2   | Reached skill level 10 in Fighting
 21371 | Lair:2   | Reached skill level 5 in Armour
 23907 | Lair:3   | Reached skill level 11 in Fighting
 24908 | Lair:4   | Identified the +5 chain mail of Imperfection {Dex+3}
 25119 | Lair:4   | Found a staircase to the Shoals.
 25140 | Lair:4   | Gained mutation: You are mostly covered in large bone
                  | plates. (SH +6) [demonic ancestry]
 25140 | Lair:4   | Reached XP level 14. HP: 60/113 MP: 10/18
 25382 | Lair:4   | Found a staircase to the Snake Pit.
 25497 | Lair:4   | Identified the +5 scale mail of the Fiend {Regen+ rCorr
                  | Dex+5}
 26094 | Lair:5   | Found a runed translucent door.
 26095 | Lair:5   | Found a viscous altar of Jiyva.
 26096 | Lair:5   | Noticed an acid blob
 26188 | Lair:5   | Found a staircase to the Slime Pits.
 26188 | Lair:5   | Noticed an acid blob
 26566 | Lair:5   | Reached skill level 10 in Staves
 26629 | Lair:5   | Reached *** piety under Ashenzari
 27069 | Lair:6   | Entered Level 6 of the Lair of Beasts
 28813 | Lair:6   | Reached skill level 12 in Fighting
 31149 | D:12     | Reached XP level 15. HP: 90/126 MP: 10/21
 31441 | D:12     | Found a staircase to the Orcish Mines.
 31472 | D:12     | Reached skill level 10 in Armour
 31987 | Orc:1    | Entered Level 1 of the Orcish Mines
 32293 | Orc:2    | Entered Level 2 of the Orcish Mines
 33868 | Orc:2    | Found Roskum's Overcharged Wands.
 33899 | Orc:2    | Found a staircase to the Elven Halls.
 34132 | Orc:2    | Paralysed by an orc sorcerer for 5 turns
 34204 | Orc:2    | Found Toan's General Store.
 34204 | Orc:2    | Found Wobakom's Antique Armour Shoppe.
 34204 | Orc:2    | Found Zyifiobb's Weapon Shoppe.
 34208 | Orc:2    | Found Seirpheo's Armour Emporium.
 34367 | Orc:2    | Bought a diamond-encrusted ring mail for 315 gold pieces
 34367 | Orc:2    | Identified the +2 ring mail of the Realm of Zot {rF- Regen+
                  | Slay+3} (You bought it in a shop on level 2 of the Orcish
                  | Mines)
 34367 | Orc:2    | Bought a steaming chain mail for 332 gold pieces
 34367 | Orc:2    | Identified the +0 chain mail "Hobbic" {Will+ Int+2} (You
                  | bought it in a shop on level 2 of the Orcish Mines)
 34765 | D:13     | Found Gemeir's Antique Weapon Shoppe.
 35046 | D:13     | Reached skill level 13 in Fighting
 36020 | D:14     | Noticed Rupert
 36052 | D:14     | Killed Rupert
 36909 | D:14     | Reached skill level 5 in Spellcasting
 36999 | D:14     | Found a gate to the Vaults.
 37023 | D:14     | Identified the +3 quarterstaff of Wesoastar {freeze, Int+4}
 37747 | D:15     | Entered Level 15 of the Dungeon
 37861 | D:15     | Found Feusuep's Assorted Antiques.
 38209 | D:15     | Paralysed by an ogre mage for 2 turns
 38219 | D:15     | Shot with an arrow by a centaur warrior

Illustrated notes

Levels and vault maps discovered:
D:1:      elethiomel_arrival_infinity_welcomes_careful_drivers, layout_basic,
          hellmonk_ecumenical_altar_inner_sanctum
D:2:      layout_basic, basic_altar
D:3:      layout_loops_ring, serial_shops, nicolae_shop_advertising_works
          [nicolae_subvault_shop_adworks]
D:4:      layout_loops_ring, minmay_crystal_room
D:5:      layout_basic
D:6:      layout_basic, nicolae_vehumet_radiance, serial_bayou,
          serial_bayou_shore_a, serial_bayou_shore_b, serial_bayou_pond_e,
          serial_bayou_pond_d, minivault_22, uniq_duvessa
D:7:      layout_rooms, temple_green, serial_shops,
          nicolae_shop_temple_entry_statues_fountains, minmay_alternating_orb,
          uniq_prince_ribbit1
D:8:      layout_basic, kennysheep_mini, serial_shops,
          nicolae_shop_hallway_stairs, gammafunk_ghost_spectres,
          minmay_mini_ossuary
D:9:      layout_long_grid, serial_shops, shop, gammafunk_ghost_icy
D:10:     layout_long_grid, gammafunk_ghost_berserking_beasts,
          grunt_ministairs_12, uniq_psyche
D:11:     layout_loops_ring, due_lair_maze_entry_diamond,
          gauntlet_entry_generic, uniq_maurice, uniq_urug
D:12:     layout_stronghold, david_orc_1_choice
D:13:     layout_long_grid, serial_shops, nicolae_shop_overgrown_old_shop
D:14:     layout_loops_cross, lightli_vaults_fourway_checkpoint, special_room
          [special_room_orc], nrook_pool_corridor, uniq_rupert
D:15:     grunt_enter_depths_magical_seal, layout_rooms, dk_noncrumbling_2,
          serial_shops, shop
Temple:   mainiacjoe_temple_big_plus
Lair:1:   layout_small_grid, basic_altar
Lair:2:   layout_cave_pods, portal_ice_cave_entry_ice_simulacra,
          grunt_megastairs_5, uniq_gastronok
Lair:3:   layout_regular_city, evilmike_ambush [evilmike_ambush_outer_doors,
          evilmike_ambush_inner_cross]
Lair:4:   beast_lair_carwin_large_1, layout_regular_city,
          elwin_shoals_entry_stream, minmay_snake_entry_guardpost_small,
          lemuel_fruit_tree
Lair:5:   layout_regular_city, slime_altar_2, nzn_sisyphean_effort,
          serial_bayou_shore_b
Lair:6:   evilmike_catoblepas_cave, layout_misc_corridors
Orc:1:    layout_caves
Orc:2:    st_orc_mages, layout_diamond_mine, enter_volcano_4,
          nicolae_shop_overcharged_wands

Skill      XL: |  1  2  3  4  5  6  7  8  9 10 11 12 13 14 15 |
---------------+----------------------------------------------+-----
Polearms       | 3 4 5 6 7 9 10 11 12 | 12.8
Summonings     | 1 2 3 4 5 7 9 10 11 12 | 12.9
Fighting       | 4 5 6 9 11 12 13 | 13.4
Spellcasting   | 1 3 4 5 |  5.2
Staves         | 3 6 9 10 | 10.0
Armour         | 2 4 6 9 11 | 11.8
Throwing       | |  1.7
Dodging        | |  2.6

Action                   |  1- 3 |  4- 6 |  7- 9 | 10-12 | 13-15 || total
-------------------------+-------+-------+-------+-------+-------++-------
Melee: Trident           |    75 |   141 |   429 |   443 |   130 ||  1218
       Punch             |       |     2 |     6 |     4 |     5 ||    17
       Headbutt          |       |       |    82 |   146 |   289 ||   517
       Lajatang          |       |       |       |   169 |   980 ||  1149
Throw: Dart              |       |       |       |     5 |    21 ||    26
 Cast: Summon Small Mamm |       |       |     6 |     6 |     2 ||    14
       Call Canine Famil |       |       |     8 |     6 |     2 ||    16
       Summon Guardian G |       |       |       |    22 |    22 ||    44
Invok: Curse Item        |       |       |       |     4 |     4 ||     8
       Shatter the Chain |       |       |       |     2 |     2 ||     4
Evoke: Wand              |       |       |       |       |     1 ||     1
  Use: Scroll            |       |     2 |     2 |    14 |    10 ||    28
       Potion            |       |     1 |     3 |    10 |    11 ||    25
 Stab: Sleeping          |     3 |       |       |     2 |     1 ||     6
       Petrified         |       |       |       |       |     8 ||     8
       Petrifying        |       |       |       |       |     2 ||     2
Armor: Ring mail         |     7 |    50 |   106 |    40 |    33 ||   236
       Leather armour    |     1 |       |       |       |       ||     1
       Acid dragon scale |       |       |       |   104 |       ||   104
       Chain mail        |       |       |       |       |   300 ||   300
Dodge: Dodged            |    21 |    56 |   180 |   234 |   375 ||   866
Block: Other             |     4 |    16 |    52 |    77 |   226 ||   375
